 Dungeon Crawl Stone Soup version 0.31-a0-986-g5e6e4ef867 (webtiles) character file.

Game seed: 3997784374637783386

3899 croobank the Conjurer (level 9, -5/74 HPs)
             Began as a Demigod Conjurer on Nov 11, 2023.
             Slain by a wyvern (7 damage)
             ... on level 8 of the Dungeon.
             The game lasted 00:25:50 (10880 turns).

croobank the Conjurer (Demigod Conjurer)           Turns: 10880, Time: 00:25:51

Health: -5/74      AC:  7    Str: 11    XL:     9   Next: 69%
Magic:  21/21      EV: 15    Int: 32    God:
Gold:   360        SH:  0    Dex: 18    Spells: 12/19 levels left

rFire   . . .        S - +6 trident "Katsuism" {flame, rN++ Str+3}
rCold   . . .        (no shield)
rNeg    + + .        c - +2 leather armour {Will+}
rPois   .            (no helmet)
rElec   .            k - +0 cloak
rCorr   .            P - +0 pair of gloves
SInv    +            (no boots)
Will    +....        E - amulet of reflection
Stlth   +            K - ring of see invisible
HPRegen 0.32/turn    z - +6 ring of dexterity
MPRegen 0.17/turn

%: reflection
@: confused, ambrosia-drunk
A: high MP 1, forlorn, divine attributes
a: no special abilities


You were on level 8 of the Dungeon.
You visited 1 branch of the dungeon, and saw 8 of its levels.

You collected 360 gold pieces.

Inventory:

Hand Weapons
 a - a +0 dagger of venom
 b - a +0 sling
 l - a +2 spear of freezing
 p - a +0 flail
 t - a +0 orcbow
 A - a +1 vampiric hand axe
 C - a +2 heavy hand axe
 F - a +0 long sword
 G - a +1 flail of protection
 I - a +2 whip of draining
 S - the +6 trident "Katsuism" (weapon) {flame, rN++ Str+3}
   (You found it on level 7 of the Dungeon)

   Str+3:     It affects your strength (+3).
   rN++:      It greatly protects you from negative energy.
Missiles
 u - 14 poisoned darts
 O - a throwing net
Armour
 c - a +2 leather armour of willpower (worn)
 k - a +0 cloak (worn)
 o - a +0 ring mail
 B - a +0 robe
 P - a +0 pair of gloves (worn)
 W - a +0 kite shield
Magical Staves
 q - a staff of earth
 J - a staff of death
Jewellery
 w - a ring of resist corrosion
 z - a +6 ring of dexterity (right hand)
 E - an amulet of reflection (around neck)
 K - a ring of see invisible (left hand)
Wands
 r - a wand of mindburst (29)
 H - a wand of iceblast (10)
 U - a wand of flame (12)
 V - a wand of acid (4)
Scrolls
 f - a scroll of noise
 h - a scroll of vulnerability
 i - a scroll of enchant weapon {unknown}
 j - a scroll of immolation
 m - 3 scrolls of teleportation {unknown}
 n - 3 scrolls of torment {unknown}
 s - 2 scrolls of blinking {unknown}
 y - a scroll of fog {unknown}
 M - a scroll of poison
 R - a scroll of fear
 T - a scroll of identify
Potions
 d - a potion of lignification
 e - 2 potions of ambrosia
 g - 4 potions of curing
 v - a potion of magic
 x - 2 potions of attraction {unknown}
 D - a potion of invisibility {unknown}
 N - 3 potions of might {unknown}
 Q - a potion of cancellation {unknown}


   Skills:
 + Level 5.5 Fighting
 * Level 2.0 Polearms
 + Level 6.0 Dodging
 + Level 6.5 Stealth
 + Level 5.5 Spellcasting
 + Level 6.9 Conjurations
 + Level 1.0 Translocations


You had 12 spell levels left.
You knew the following spells:

 Your Spells              Type           Power      Damage    Failure   Level
a - Magic Dart            Conj           100%       1d8       1%          1
b - Searing Ray           Conj           100%       2d8       1%          2
c - Iskenderun's Mystic   Conj/Tloc      34%        2d8       12%         4

Your spell library contained the following spells:

 Spells                   Type           Power      Damage    Failure   Level
 Dazzling Flash           Conj/Hex       60%        N/A       4%          3
 Lesser Beckoning         Tloc           30%        N/A       6%          2
 Scorch                   Fire           16%        2d5       10%         2
 Gell's Gravitas          Tloc           15%        N/A       12%         3
 Teleport Other           Tloc           15%        N/A       12%         3
 Flame Wave               Conj/Fire      30%        2d9       16%         4
 Fulminant Prism          Conj/Hex       15%        3d10      16%         4
 Inner Flame              Hex/Fire       8%         N/A       19%         3
 Yara's Violent Unravell  Hex/Tmut       4%         3d4       87%         5
 Summon Cactus Giant      Summ           4%         N/A       100%        6
 Enfeeble                 Hex            4%         N/A       100%        7


Dungeon Overview and Level Annotations

Branches:
Dungeon (8/15)             Temple (0/1) D:6
   Lair: D:8-11

Shops:
D:4 ==:

Annotations:
D:6 2 transporters, Fodor's ghost, novice MiFi
D:7 3 runed translucent doors, mandarbmax's ghost, novice OgGl


Innate Abilities, Weirdness & Mutations

You have an increased reservoir of magic. (+10% MP)
You shall have no god before yourself.
Your divine heritage dramatically boosts your attributes as you level up.


Message History

You are confused.
You feel invigorated.
You feel very sick. The wyvern bites you! The wyvern misses you.
The kobold brigand closely misses you.
You miss the kobold brigand.
The kobold brigand is heavily wounded.
You feel very sick. The wyvern closely misses you.
The kobold brigand hits you but does no damage.
The wyvern bites you!
* * * LOW HITPOINT WARNING * * *
You hit the kobold brigand. You burn the kobold brigand.
The kobold brigand is severely wounded.
You feel sick. The wyvern barely misses you.
The kobold brigand hits you with a +0 short sword.
The wyvern completely misses you.
The kobold brigand hits you but does no damage.
The wyvern misses you.
You bump into the rock wall.
You feel sick. The wyvern completely misses you.
The kobold brigand closely misses you. The wyvern bites you!
* * * LOW HITPOINT WARNING * * *
The kobold brigand hits you with a +0 short sword!
* * * LOW HITPOINT WARNING * * *
Your magical contamination has completely faded away.
You closely miss the kobold brigand.
The kobold brigand is heavily wounded.
You feel less invigorated.
You feel yourself speed up.
You feel less confused.
You feel sick.
You are no longer poisoned.
The wyvern barely misses you. You block the wyvern's attack.
You block the kobold brigand's attack. The wyvern bites you!
* * * LOW HITPOINT WARNING * * *
The kobold brigand hits you but does no damage.
You are confused.
You feel invigorated. The wyvern bites you!
* * * LOW HITPOINT WARNING * * *
The wyvern bites you!
You die...

.K.................##.##
................>..#...#
.......K.............###
....K..#...........###
#.....##.............###
##..K.###............#.##
#...... #...............#
##.....##)...#####.......
..#.....#@)...##!.#.......
......##lK....##.!#..)....
..............##'##.......
.###.......#.##...##......
##.........#....'......
#..........#..).'...... #
##..)[[.....#...##..#... #.
#...........##'##.......
...##)..........##.!#.......


You could see a wyvern and a kobold brigand.

Vanquished Creatures
  Grinder (D:6)
  A wyvern (D:7)
  10 yaks (D:7)
  A wraith (D:7)
  2 steam dragons
  A water moccasin (D:8)
  An orc warrior (D:8)
  A sky beast (D:7)
  3 ogres
  A centaur (D:5)
  2 kobold brigands
  A gnoll sergeant (D:8)
  A scorpion (D:4)
  3 killer bees (D:8)
  A howler monkey (D:7)
  3 orc priests
  4 hounds
  2 iguanas (D:5)
  Natasha (twice) (D:3)
  2 orc wizards (D:6)
  3 gnolls (D:8)
  16 adders
  A shadow imp (D:6)
  A white imp (D:7)
  3 dart slugs
  34 orcs
  5 ball pythons
  2 bats (D:1)
  5 endoplasms
  3 giant cockroaches
  5 hobgoblins
  11 jackals
  19 kobolds
  3 quokkas
  3 frilled lizards
  11 goblins
  A rat (D:3)
169 creatures vanquished.

Notes
Turn   | Place    | Note
-------+----------+-------------------------------------------
     0 | D:1      | croobank the Demigod Conjurer began the quest for the Orb.
     0 | D:1      | Reached XP level 1. HP: 14/14 MP: 5/5
   716 | D:1      | Reached XP level 2. HP: 22/22 MP: 1/7
   776 | D:1      | Learned a level 2 spell: Searing Ray
  2370 | D:2      | Reached XP level 3. HP: 27/27 MP: 5/8
  2759 | D:3      | Noticed Natasha
  2898 | D:2      | Reached skill level 1 in Fighting
  3432 | D:3      | Reached XP level 4. HP: 35/35 MP: 4/10
  3515 | D:3      | Killed Natasha
  4089 | D:3      | Noticed Natasha
  4100 | D:3      | Killed Natasha
  4101 | D:3      | Reached XP level 5. HP: 38/41 MP: 7/11
  4246 | D:4      | Found Aptes's Jewellery Boutique.
  4246 | D:4      | Found Coydgh's Jewellery Boutique.
  4246 | D:4      | Found Picku Ded's Book Boutique.
  5403 | D:4      | Reached XP level 6. HP: 44/50 MP: 9/13
  6061 | D:5      | Entered Level 5 of the Dungeon
  6697 | D:5      | Reached XP level 7. HP: 35/56 MP: 10/15
  7233 | D:5      | Reached skill level 5 in Conjurations
  7628 | D:6      | Noticed Grinder
  7646 | D:6      | Killed Grinder
  7792 | D:6      | Reached XP level 8. HP: 61/66 MP: 10/17
  8222 | D:6      | Found a transporter.
  8264 | D:6      | Found a transporter.
  8269 | D:6      | Noticed Fodor's ghost (novice MiFi)
  8270 | D:6      | Identified the +0 scale mail of Instinct {-Tele Int+7}
  8270 | D:6      | Identified the +2 kite shield of Dim Light {Rampage rElec
                  | Dex+3}
  8547 | D:6      | Found a staircase to the Ecumenical Temple.
  8707 | D:7      | Reached skill level 5 in Stealth
  8896 | D:7      | Found a runed translucent gate.
  8896 | D:7      | Found a runed translucent gate.
  8896 | D:7      | Found a runed translucent gate.
  8901 | D:7      | Noticed mandarbmax's ghost (novice OgGl)
  8949 | D:7      | Reached skill level 5 in Dodging
  8957 | D:7      | HP: 5/100 [yak (7)]
  9248 | D:7      | Reached XP level 9. HP: 22/73 MP: 14/20
  9448 | D:7      | Reached skill level 5 in Spellcasting
  9449 | D:7      | Reached skill level 5 in Fighting
  9688 | D:7      | Identified the +6 trident "Katsuism" {flame, rN++ Str+3}
 10065 | D:7      | Learned a level 4 spell: Iskenderun's Mystic Blast
 10135 | D:8      | Reached skill level 1 in Polearms
 10713 | D:8      | Reached skill level 1 in Translocations
 10880 | D:8      | HP: 2/74 [wyvern (8)]
 10880 | D:8      | Slain by a wyvern

Illustrated notes

Levels and vault maps discovered:
D:1:      matt_arrival_diagonals, layout_basic,
          ebering_ecumenical_altar_petrified
D:2:      layout_loops_ring, minmay_misc_feat_columns, minmay_domino_2
D:3:      layout_basic, minmay_misc_feat_rows, uniq_natasha
D:4:      minmay_chambers_of_fours, layout_cave_pods,
          nicolae_shop_distant_corner_stores
D:5:      layout_rooms, chequers_temple_overflow_minitemple, corner_web_ring,
          minmay_misc_feat_x, minmay_misc_feat_enclosed
D:6:      nicolae_cairo_tiling, layout_rooms, temple_hall,
          gammafunk_ghost_gnarly_gnolls, uniq_grinder
D:7:      layout_basic, ebering_ghost_rock_garden
D:8:      layout_cave_pools, blue_anna_alchemist

Skill      XL: |  1  2  3  4  5  6  7  8  9 |
---------------+----------------------------+-----
Stealth        | 2 3 4 5 6 |  6.5
Dodging        | 2 3 4 5 6 |  6.0
Spellcasting   | 2 3 4 5 |  5.5
Fighting       | 1 2 3 4 5 |  5.5
Conjurations   | 4 5 6 |  6.9
Polearms       | 2 |  2.0
Translocations | 1 |  1.0

Action                     |  1- 3 |  4- 6 |  7- 9 || total
---------------------------+-------+-------+-------++-------
  Melee: Dagger            |    14 |    44 |    62 ||   120
         Unarmed           |     1 |       |       ||     1
         Punch             |       |       |     1 ||     1
         Trident           |       |       |    28 ||    28
   Cast: Magic Dart        |    27 |    34 |    19 ||    80
         Searing Ray       |    23 |    39 |    40 ||   102
         Iskenderun's Myst |       |       |     2 ||     2
    Use: Scroll            |     1 |     2 |     9 ||    12
         Potion            |       |       |     4 ||     4
   Stab: Sleeping          |     2 |     5 |     4 ||    11
 Armour: Leather armour    |    23 |    57 |    91 ||   171
         Skin              |       |       |     4 ||     4
  Dodge: Dodged            |    27 |    50 |    98 ||   175
  Block: Other             |       |     8 |    36 ||    44
         Reflection        |       |       |     3 ||     3

Table legend: (Time is in decaauts)
 A = Elapsed time spent in this place.
 B = Non-inter-level travel time spent in this place.
 C = Inter-level travel time spent in this place.
 D = Time resting spent in this place.
 E = Time spent auto-exploring this place.
 F = Levels seen in this place.
 G = Mean time per level.
                   A        B        C        D        E       F      G
               +--------+--------+--------+--------+--------+-----+--------+
         Total |  10907 |  10517 |    390 |   4154 |   4780 |   8 | 1363.4 |
       Dungeon |  10907 |  10517 |    390 |   4154 |   4780 |   8 | 1363.4 |
               +--------+--------+--------+--------+--------+-----+--------+

Top non-repeatable levels by time:
     D:4: 2155 daAuts
     D:2: 2038 daAuts
     D:7: 1587 daAuts
     D:5: 1477 daAuts
     D:1: 1427 daAuts
     D:6: 1074 daAuts
     D:8: 630 daAuts
     D:3: 516 daAuts
